 Dungeon Crawl Stone Soup version 0.28-a0-1227-ga9037bb4c8 (webtiles) character file.

Game seed: 2985276351233955848

101324 DavidChitty2 the Severer (level 15, -4/131 (143) HPs)
             Began as a Minotaur Fighter on Dec 1, 2021.
             Was the Champion of Okawaru.
             Slain by an orc warrior (9 damage)
             ... on level 2 of the Orcish Mines on Dec 22, 2021.
             The game lasted 00:36:56 (26703 turns).

DavidChitty2 the Severer (Minotaur Fighter)        Turns: 26703, Time: 00:36:56

HP:   -4/131 (143)  AC: 29    Str: 26    XL:     15   Next: 83%
MP:   21/21         EV:  6    Int:  9    God:    Okawaru [******]
Gold: 1637          SH: 24    Dex: 15    Spells: 14/14 levels left

rFire   . . .      SeeInvis .   a - +1 broad axe (vorpal)
rCold   . . .      Faith    .   O - +0 tower shield
rNeg    . . .      Spirit   .   m - +0 plate armour
rPois   .          Reflect  +   P - +2 hat {Stlth+}
rElec   .          Harm     .   h - +1 cloak {Will+}
rCorr   .          Rampage  .   K - +0 pair of gloves "Suddoll" {Int+4}
Will    ++++.                   y - +0 pair of boots
Stlth   ..........              J - amulet "Pili Oph" {Reflect +Blink Will+ Dex+3 SH+5}
HPRegen 0.31/turn               l - ring of willpower
MPRegen 0.17/turn               k - +4 ring of protection

@: studying Fire Magic, drained
A: horns 2, retaliatory headbutt
a: Renounce Religion, Evoke Blink, Heroism, Finesse, Duel


You were on level 2 of the Orcish Mines.
You worshipped Okawaru.
Okawaru was exalted by your worship.
You visited 4 branches of the dungeon, and saw 24 of its levels.
You visited 1 bazaar.

You collected 2213 gold pieces.
You spent 576 gold pieces at shops.

Inventory:

Hand Weapons
 a - a +1 vorpal broad axe (weapon)
   (You acquired it on level 1 of the Lair of Beasts)
 b - a +5 morningstar
   (You took it off a wight on level 10 of the Dungeon)
Armour
 h - a +1 cloak of willpower (worn)
   (Okawaru gifted it to you on level 4 of the Lair of Beasts)
 m - a +0 plate armour (worn)
   (You took it off a vault guard on level 13 of the Dungeon)
 y - a +0 pair of boots (worn)
   (You found it on level 2 of the Dungeon)
 K - the +0 pair of gloves "Suddoll" (worn) {Int+4}
   (You found it on level 3 of the Lair of Beasts)

   Int:       It affects your intelligence (+4).
 N - a +2 ring mail of poison resistance
   (You bought it in a shop on level 4 of the Dungeon)
 O - a +0 tower shield (worn)
   (You took it off a vault guard on level 13 of the Dungeon)
 P - a +2 hat of stealth (worn)
   (You took it off Gastronok on level 1 of the Lair of Beasts)
 S - the +1 leather armour of Philately {rF- rC+ rN+ Int+4 SInv}
   (You took it off a tengu warrior on level 15 of the Dungeon)

   Int:       It affects your intelligence (+4).
   rF:        It makes you vulnerable to fire.
   rC:        It protects you from cold.
   rN:        It protects you from negative energy.
   SInv:      It lets you see invisible.
Jewellery
 k - a +4 ring of protection (right hand)
   (You found it on level 2 of the Lair of Beasts)
 l - a ring of willpower (left hand)
   (You found it on level 2 of the Dungeon)
 o - a ring of fire
   (You found it on level 7 of the Dungeon)
 p - a ring of ice
   (You found it on level 14 of the Dungeon)
 q - a ring of resist corrosion
   (You found it on level 7 of the Dungeon)
 J - the amulet "Pili Oph" (around neck) {Reflect +Blink Will+ Dex+3 SH+5}
   (You found it on level 9 of the Dungeon)

   [amulet of reflection]

   It reflects blocked missile attacks.
   Dex:       It affects your dexterity (+3).
   +Blink:    It lets you blink.
   SH:        It affects your SH (+5).
   Will:      It increases your willpower.
Wands
 d - a wand of iceblast (19)
   (You found it on level 4 of the Dungeon)
 t - a wand of flame (30)
   (You took it off Duvessa on level 5 of the Dungeon)
 u - a wand of paralysis (12)
   (You found it on level 7 of the Dungeon)
 w - a wand of polymorph (13)
   (You took it off Dowan on level 5 of the Dungeon)
 D - a wand of mindburst (15)
   (You found it on level 7 of the Dungeon)
Scrolls
 c - 5 scrolls of fear
 j - 5 scrolls of identify {@r1}
 n - 10 scrolls of teleportation {@r4}
 r - 5 scrolls of immolation {!r}
 B - 7 scrolls of magic mapping
 F - 2 scrolls of silence
 I - a scroll of enchant armour
 L - 3 scrolls of blinking
 M - 2 scrolls of enchant weapon
Potions
 e - 2 potions of invisibility
 f - 3 potions of heal wounds {@q2}
 g - 5 potions of curing {@q1}
 i - 6 potions of flight
 s - 3 potions of ambrosia
 v - 5 potions of mutation {!q}
 x - 10 potions of lignification {!q}
 z - 2 potions of attraction {!q}
 A - 2 potions of magic
 C - a potion of resistance
 E - 6 potions of haste {@q3}
 G - 2 potions of brilliance
 H - 3 potions of berserk rage
 Q - 2 potions of might
 R - a potion of cancellation


   Skills:
 + Level 15.8 Fighting
 - Level 18.0 Axes
 + Level 16.0 Armour
 + Level 15.7 Shields
 - Level 10.0 Invocations
 - Level 3.0 Evocations


You had 14 spell levels left.
You didn't know any spells.
Your spell library contained the following spells:

 Spells                   Type           Power      Damage    Failure   Level
 Passwall                 Tmut/Erth      0%         N/A       100%        2
 Scorch                   Fire           0%         2d5       100%        2
 Sublimation of Blood     Necr           0%         N/A       100%        2
 Wereblood                Tmut           0%         N/A       100%        2
 Gell's Gravitas          Tloc           0%         N/A       100%        3
 Lesser Beckoning         Tloc           0%         N/A       100%        3
 Ozocubu's Armour         Ice            0%         N/A       100%        3
 Swiftness                Air            0%         N/A       100%        3
 Teleport Other           Tloc           0%         N/A       100%        3
 Flame Wave               Conj/Fire      0%         2d4       100%        4
 Passage of Golubria      Tloc           0%         N/A       100%        4
 Blade Hands              Tmut           0%         N/A       100%        5
 Borgnjor's Vile Clutch   Necr/Erth      0%         N/A       100%        5
 Irradiate                Conj/Tmut      0%         3d13      100%        5
 Yara's Violent Unravell  Hex/Tmut       0%         3d3       100%        5
 Dispersal                Tloc           0%         N/A       100%        6
 Eringya's Noxious Bog    Tmut/Pois      0%         N/A       100%        6
 Dragon Form              Tmut           0%         N/A       100%        7
 Ozocubu's Refrigeration  Ice            0%         4d5       100%        7
 Tukima's Dance           Hex            Unusable   N/A       N/A         3
 Animate Dead             Necr           Unusable   N/A       N/A         4
 Summon Forest            Summ/Tloc      Unusable   N/A       N/A         5
 Death Channel            Necr           Unusable   N/A       N/A         6
 Summon Cactus Giant      Summ           Unusable   N/A       N/A         6
 Summon Hydra             Summ           Unusable   N/A       N/A         7

Dungeon Overview and Level Annotations

Branches:
Dungeon (15/15)            Temple (1/1) D:5            Lair (6/6) D:8
 Shoals (0/4) Lair:2       Spider (0/4) Lair:3        Slime (0/5) Lair:5
    Orc (2/2) D:9          Vaults (0/5) D:13         Depths (0/4) D:15
    Elf: Orc:2

Altars:
Ashenzari
Cheibriados
Dithmenos
Elyvilon
Fedhas
Gozag
Hepliaklqana
Kikubaaqudgha
Makhleb
Nemelex Xobeh
Okawaru
Qazlal
Ru
Sif Muna
Trog
Uskayaw
Vehumet
Wu Jian
Xom
Yredelemnul
Zin
The Shining One

Shops:
D:4 *   D:13 :   Orc:1 =

Portals:
Trove: D:14 (give +3 shadow dragon scales)


Innate Abilities, Weirdness & Mutations

You have a pair of horns on your head.
You reflexively headbutt those who attack you in melee.


Message History

You barely miss the orc warrior. The orc hits you but does no damage.
The orc warlord unwields a +5 vorpal great mace.
The orc warlord wields a +0 arbalest.
The orc warlord shoots a bolt.
You reflect the bolt off an invisible shield around you!
The bolt barely misses the orc warlord.
The orc knight shoots a bolt.
You reflect the bolt off an invisible shield around you!
The bolt misses the orc knight.
You block the orc warrior's attack.
You barely miss the orc knight. You headbutt the orc knight.
You closely miss the orc warrior. You block the orc warrior's attack.
The orc barely misses you.
The orc knight shoots a bolt.
The bolt hits you. You block the orc knight's attack.
You block the orc warrior's attack.
The orc warrior hits you but does no damage.
You hit the orc knight. You hit the orc wizard. You hit the orc warlord.
You hit the orc warrior but do no damage.
The orc priest miscasts a cantrip.
You block the orc warrior's attack. You block the orc's attack.
The orc knight roars a battlecry!
The orc warrior goes into a battle-frenzy!
The orc warrior hits you from afar with a +0 trident.
The orc warlord unwields a +0 arbalest.
The orc warlord wields a +5 vorpal great mace.
The orc warlord hits you with a +5 vorpal great mace!!!
You closely miss the orc wizard. You headbutt the orc wizard!
You kill the orc wizard!
Okawaru accepts your kill.
You hit the orc knight but do no damage.
You slash the orc warrior!
You hit the orc warlord but do no damage.
You block the orc warrior's attack.
The orc warrior hits you but does no damage.
You feel drained. You block the orc's attack.
You hit the orc warrior but do no damage.
Your headbutt misses the orc warrior. You slash the orc warlord!
You hit the orc knight but do no damage.
You hit the orc knight. You block the orc warrior's attack. x2
You block the orc warlord's attack.
The orc warrior hits you with a +2 mace of draining!
You feel drained. The orc hits you but does no damage.
You block the orc knight's attack.
You hit the orc warrior. You closely miss the orc knight.
Your shield and plate armour prevent you from hitting the orc knight.
You barely miss the orc warlord. You block the orc warrior's attack.
The orc warlord hits you with a +5 vorpal great mace!!!
* * * LOW HITPOINT WARNING * * *
* * * LOW HITPOINT WARNING * * *
You block the orc warrior's attack.
The orc warrior hits you with a +2 mace of draining!!
* * * LOW HITPOINT WARNING * * *
You feel drained.
You die...

...P. ..##
.....# .$.#
....#.##..##
.........$.#
..P........#
........o..#
P.......(o##
........o@o#
........$o##
.....$.[oo#
......o..o#
..........#
...........
.....P..$.##
..........#
.P.......#


You could see an orc warlord (strong), 2 orc knights, 4 orc warriors, an orc
priest (strong) and an orc (strong).

Vanquished Creatures
  Rupert (D:14)
  Jorgrun (D:15)
  Frances (D:13)
  Agnes (D:15)
  Gastronok (Lair:1)
  Kirke (D:14)
  Louise (D:14)
  An orc warlord (Orc:2)
  A very ugly thing (D:15)
  Snorg (D:10)
  5 boulder beetles
  A vault guard (D:13)
  An ice dragon (Lair:6)
  10 hydras
  2 catoblepae
  6 centaur warriors
  An ogre mage (D:10)
  4 tengu warriors
  A deep troll earth mage (D:9)
  12 two-headed ogres
  Urug (Lair:4)
  An orc high priest (Orc:1)
  Sonja (D:13)
  Nergalle (Lair:2)
  3 skeletal warriors (D:14)
  A glowing orange brain (D:15)
  A deep elf pyromancer (D:15)
  2 lindwurms (Lair:6)
  2 wolf spiders (Lair:6)
  5 cyclopes
  8 ugly things
  2 merfolk sirens (Lair:2)
  15 elephants
  2 manticores
  A guardian serpent (Lair:6)
  11 black mambas
  6 torpor snails (Lair:6)
  21 cane toads
  8 komodo dragons
  A rime drake (Lair:2)
  A rime drake (shapeshifter) (D:13)
  A tengu conjurer (D:14)
  3 tyrant leeches (Lair:6)
  3 polar bears
  2 merfolk (Lair:2)
  9 hornets (Lair:6)
  8 trolls
  A hornet (shapeshifter) (D:14)
  7 slime creatures
  Prince Ribbit (D:6)
  The ghost of Turgor the Conjurer, an amateur DgCj (D:4)
  8 blink frogs
  8 dream sheep (Lair:6)
  A dream sheep (shapeshifter) (D:15)
  A redback (Lair:6)
  A wraith (D:14)
  A vampire (D:14)
  41 yaks
  10 wyverns
  2 humans (D:14)
  A steam dragon (D:9)
  Grum (Lair:1)
  5 basilisks
  7 vampire mosquitoes
  Menkaure (D:5)
  4 wargs
  19 water moccasins
  Edmund (D:5)
  Duvessa (D:5)
  3 ice beasts
  13 orc warriors
  2 sky beasts
  2 black bears
  6 ogres
  12 centaurs
  27 wolves
  4 kobold brigands
  13 bullfrogs
  2 scorpions
  Dowan (D:5)
  12 killer bees
  10 howler monkeys
  3 electric eels
  16 wights
  A crimson imp (D:3)
  A bullfrog zombie (D:6)
  4 centaur zombies
  11 hounds
  14 jellies
  A lava snake (D:7)
  A bullfrog skeleton (D:7)
  8 orc priests
  3 centaur skeletons (D:4)
  3 iguanas (D:6)
  15 orc wizards
  3 hell rats (Lair:6)
  A hound skeleton (D:5)
  2 howler monkey zombies
  2 howler monkey skeletons (D:6)
  4 gnolls (D:6)
  10 adders
  3 river rats (Lair:6)
  3 shadow imps
  2 white imps
  An ufetubus (D:4)
  A worm (D:2)
  A dart slug (D:4)
  64 orcs
  7 endoplasms
  2 giant cockroaches
  11 goblins
  4 hobgoblins
  6 quokkas
  7 ball pythons
  6 bats
  4 frilled lizards
  A goblin skeleton (D:3)
  4 goblin zombies (D:3)
  2 hobgoblin zombies (D:3)
  36 kobolds
  A kobold skeleton (D:3)
  2 kobold zombies (D:3)
  An orc skeleton (D:3)
  10 rats
  A fungus (Lair:6)
686 creatures vanquished.

Vanquished Creatures (others)
  A human (D:14)
  An orc wizard (D:8)
  42 fungi
  75 plants
119 creatures vanquished.

Grand Total: 805 creatures vanquished

Notes
Turn   | Place    | Note
-------+----------+-------------------------------------------
     0 | D:1      | DavidChitty2 the Minotaur Fighter began the quest for the
                  | Orb.
     0 | D:1      | Reached XP level 1. HP: 19/19 MP: 0/0
   110 | D:1      | Reached XP level 2. HP: 22/27 MP: 1/1
   365 | D:1      | Reached skill level 3 in Axes
   879 | D:2      | Reached XP level 3. HP: 33/33 MP: 2/2
  1289 | D:3      | Found a glowing golden altar of the Shining One.
  1293 | D:3      | Reached XP level 4. HP: 40/40 MP: 3/3
  1307 | D:3      | Reached skill level 4 in Axes
  1355 | D:3      | Found a burning altar of Makhleb.
  1640 | D:3      | Reached XP level 5. HP: 47/47 MP: 4/4
  2309 | D:4      | Found Olozilleny's General Store.
  2336 | D:4      | Bought a scroll of teleportation for 42 gold pieces
  2336 | D:4      | Bought a scroll of noise for 14 gold pieces
  2361 | D:4      | Reached skill level 5 in Axes
  2563 | D:4      | Found a transporter.
  2564 | D:4      | Noticed Turgor's ghost (amateur DgCj)
  2647 | D:4      | Reached XP level 6. HP: 55/55 MP: 5/5
  2749 | D:4      | Reached skill level 5 in Shields
  2758 | D:4      | Reached skill level 5 in Fighting
  2803 | D:4      | Reached skill level 5 in Armour
  2855 | D:4      | You fall into a shaft and drop 3 floors!
  2871 | D:7      | Reached skill level 6 in Axes
  2871 | D:7      | Reached XP level 7. HP: 61/61 MP: 6/6
  3059 | D:7      | Found a snail-covered altar of Cheibriados.
  3067 | D:7      | Found a hazy altar of Hepliaklqana.
  3094 | D:7      | Found a sacrificial altar of Ru.
  3128 | D:7      | Reached skill level 7 in Axes
  3396 | D:7      | Reached XP level 8. HP: 67/70 MP: 7/7
  3441 | D:7      | Reached skill level 8 in Axes
  3561 | D:6      | Noticed Prince Ribbit
  3569 | D:6      | Killed Prince Ribbit
  3703 | D:5      | Entered Level 5 of the Dungeon
  3738 | D:5      | Reached skill level 9 in Axes
  3779 | D:5      | Noticed Duvessa
  3779 | D:5      | Noticed Dowan
  3781 | D:5      | Killed Duvessa
  3782 | D:5      | Killed Dowan
  3783 | D:5      | Reached XP level 9. HP: 79/79 MP: 8/8
  3920 | D:5      | Found a staircase to the Ecumenical Temple.
  3936 | Temple   | Entered the Ecumenical Temple
  4039 | Temple   | Became a worshipper of Warmaster Okawaru
  4072 | D:5      | Identified the +4 leather armour of Luytot {rPois}
  4330 | D:5      | Noticed Edmund
  4343 | D:5      | Killed Edmund
  4344 | D:5      | Reached skill level 1 in Invocations
  4562 | D:5      | Noticed Menkaure
  4567 | D:5      | Killed Menkaure
  4702 | D:4      | Found a transporter.
  4964 | D:4      | Killed Turgor's ghost
  4964 | D:4      | Reached * piety under Okawaru
  4965 | D:4      | Reached skill level 10 in Axes
  5067 | D:6      | Found a glowing silver altar of Zin.
  5994 | D:7      | Reached ** piety under Okawaru
  6498 | D:8      | Reached XP level 10. HP: 83/90 MP: 11/11
  6508 | D:8      | Found a staircase to the Lair.
  6513 | D:8      | Reached skill level 11 in Axes
  7272 | D:8      | Reached *** piety under Okawaru
  7930 | D:9      | Identified the amulet "Pili Oph" {Reflect +Blink Will+
                  | Dex+3 SH+5}
  7931 | D:9      | Noticed a manticore
  7946 | D:9      | Killed a manticore
  7998 | D:9      | Noticed a two-headed ogre
  8008 | D:9      | Killed a two-headed ogre
  8009 | D:9      | Reached skill level 12 in Axes
  8306 | D:9      | Found a white marble altar of Elyvilon.
  8326 | D:9      | Found a staircase to the Orcish Mines.
  8340 | D:9      | Noticed a two-headed ogre
  8347 | D:9      | Killed a two-headed ogre
  8347 | D:9      | Reached **** piety under Okawaru
  8381 | D:9      | Noticed a deep troll earth mage
  8389 | D:9      | Killed a deep troll earth mage
  8451 | D:9      | Identified the +3 arbalest of Ofator {vorpal, Will+}
  8635 | D:9      | Reached XP level 11. HP: 97/97 MP: 10/13
  8637 | D:9      | Reached ***** piety under Okawaru
  8754 | D:10     | Entered Level 10 of the Dungeon
  8797 | D:10     | Noticed a two-headed ogre
  8797 | D:10     | Noticed a two-headed ogre
  8800 | D:10     | Noticed an ogre mage
  8803 | D:10     | Noticed a two-headed ogre
  8806 | D:10     | Killed a two-headed ogre
  8806 | D:10     | Noticed a two-headed ogre
  8807 | D:10     | Reached skill level 5 in Invocations
  8809 | D:10     | Killed a two-headed ogre
  8815 | D:10     | Killed a two-headed ogre
  8816 | D:10     | Reached skill level 13 in Axes
  8820 | D:10     | Killed a two-headed ogre
  8821 | D:10     | Reached skill level 10 in Fighting
  8821 | D:10     | Reached skill level 10 in Armour
  8831 | D:10     | Killed an ogre mage
  9226 | D:10     | Found a shimmering blue altar of Sif Muna.
  9249 | D:10     | Reached skill level 10 in Shields
  9312 | D:10     | Received a gift from Okawaru
  9627 | D:10     | Noticed Snorg
  9639 | D:10     | Killed Snorg
 10242 | D:11     | Reached skill level 14 in Axes
 10339 | D:11     | Noticed a two-headed ogre
 10345 | D:11     | Killed a two-headed ogre
 10346 | D:11     | Reached XP level 12. HP: 96/108 MP: 15/15
 10901 | D:11     | Noticed a two-headed ogre
 10910 | D:11     | Killed a two-headed ogre
 11100 | D:11     | Noticed a two-headed ogre
 11108 | D:11     | Killed a two-headed ogre
 11182 | D:12     | Noticed a two-headed ogre
 11195 | D:12     | Killed a two-headed ogre
 11229 | D:12     | Found a flickering gateway to a bazaar.
 11235 | Bazaar   | Entered a bazaar
 11235 | Bazaar   | Found Pukhegh's Book Emporium.
 11235 | Bazaar   | Found Emninuc's Magic Scroll Shoppe.
 11235 | Bazaar   | Found Tabeadwi's Assorted Antiques.
 11307 | Bazaar   | Found Tuky's Magic Scroll Shoppe.
 11321 | Bazaar   | Bought a scroll of identify for 30 gold pieces
 11321 | Bazaar   | Bought a scroll of blinking for 112 gold pieces
 11333 | Bazaar   | Bought a white potion for 27 gold pieces
 11333 | Bazaar   | Bought a white potion for 27 gold pieces
 11343 | Bazaar   | Bought a scroll of identify for 24 gold pieces
 11343 | Bazaar   | Bought a scroll of identify for 24 gold pieces
 11343 | Bazaar   | Bought a scroll of identify for 24 gold pieces
 11606 | D:12     | Noticed a catoblepas
 11619 | D:12     | Killed a catoblepas
 11921 | D:12     | Noticed a two-headed ogre
 11930 | D:12     | Killed a two-headed ogre
 12251 | D:4      | Bought a +2 ring mail of poison resistance for 252 gold
                  | pieces
 12380 | D:8      | Upgraded the game from 0.28-a0-973-ga7f8b01127 to
                  | 0.28-a0-1227-ga9037bb4c8
 12381 | Lair:1   | Entered Level 1 of the Lair of Beasts
 12610 | Lair:1   | Noticed Grum
 12619 | Lair:1   | Killed Grum
 12763 | Lair:1   | Noticed Gastronok
 12779 | Lair:1   | Killed Gastronok
 12780 | Lair:1   | Reached skill level 15 in Axes
 13425 | Lair:1   | Identified a scroll of acquirement
 13425 | Lair:1   | Acquired a +1 vorpal broad axe
 13439 | Lair:2   | Received a gift from Okawaru
 13604 | Lair:2   | Found a staircase to the Shoals.
 13788 | Lair:2   | Noticed Nergalle
 13804 | Lair:2   | Killed Nergalle
 14009 | Lair:2   | Reached XP level 13. HP: 110/115 MP: 17/17
 14012 | Lair:2   | Received a gift from Okawaru
 14081 | Lair:2   | Reached skill level 16 in Axes
 14541 | Lair:3   | Found a hole to the Spider Nest.
 14548 | Lair:3   | Identified the +0 pair of gloves "Suddoll" {Int+4}
 15210 | Lair:3   | Reached ****** piety under Okawaru
 15753 | Lair:4   | Reached skill level 1 in Evocations
 15812 | Lair:4   | Received a gift from Okawaru
 16228 | Lair:4   | Noticed Urug
 16243 | Lair:4   | Killed Urug
 16922 | Lair:5   | Found a staircase to the Slime Pits.
 17276 | Lair:6   | Entered Level 6 of the Lair of Beasts
 17333 | Lair:6   | Reached skill level 17 in Axes
 17817 | Lair:6   | Reached XP level 14. HP: 119/127 MP: 19/19
 17938 | Lair:6   | Received a gift from Okawaru
 17980 | Lair:6   | Identified the +1 executioner's axe of Objectivity {holy,
                  | rN+ Str+2 Stlth+} (Okawaru gifted it to you on level 6 of
                  | the Lair of Beasts)
 17980 | Lair:6   | Received a gift from Okawaru
 18834 | Lair:6   | Found the +5 robe of Night {Dark Will+ SInv}
 18967 | Lair:6   | Received a gift from Okawaru
 19143 | Lair:6   | Found a runed translucent door.
 19199 | Lair:6   | Reached skill level 18 in Axes
 19200 | Lair:6   | Received a gift from Okawaru
 20731 | D:13     | Reached skill level 10 in Invocations
 20833 | D:13     | Received a gift from Okawaru
 21008 | D:13     | Found a gate to the Vaults.
 21255 | D:13     | Noticed Sonja
 21265 | D:13     | Reached XP level 15. HP: 114/138 MP: 21/21
 21316 | D:13     | Killed Sonja
 21652 | D:13     | Noticed Frances
 21674 | D:13     | Killed Frances
 22320 | D:13     | Found Zujepyjoa's Book Shoppe.
 23025 | D:14     | Noticed Rupert
 23039 | D:14     | Killed Rupert
 23543 | D:14     | Received a gift from Okawaru
 23547 | D:14     | Noticed Kirke
 23555 | D:14     | Killed Kirke
 23556 | D:14     | Reached skill level 15 in Armour
 23831 | D:14     | Found a portal to a secret trove of treasure.
 23966 | D:14     | Found a broken altar of Ashenzari.
 24182 | D:14     | Found a shimmering altar of Xom.
 24182 | D:14     | Found a basalt altar of Yredelemnul.
 24182 | D:14     | Noticed Louise
 24184 | D:14     | Found a white marble altar of Elyvilon.
 24184 | D:14     | Found a stormy altar of Qazlal.
 24184 | D:14     | Found a burning altar of Makhleb.
 24199 | D:14     | Killed Louise
 24366 | D:15     | Entered Level 15 of the Dungeon
 24378 | D:15     | Reached skill level 15 in Fighting
 24388 | D:15     | Reached skill level 15 in Shields
 24430 | D:15     | Noticed Jorgrun
 24438 | D:15     | Killed Jorgrun
 25067 | D:15     | Noticed Agnes
 25086 | D:15     | Killed Agnes
 25196 | D:15     | Identified the +1 leather armour of Philately {rF- rC+ rN+
                  | Int+4 SInv}
 25508 | D:15     | Found a staircase to the Depths.
 25799 | Orc:1    | Entered Level 1 of the Orcish Mines
 25799 | Orc:1    | Found Ocvub's Jewellery Emporium.
 26413 | Orc:2    | Entered Level 2 of the Orcish Mines
 26413 | Orc:2    | Noticed an orc warlord
 26439 | Orc:2    | Killed an orc warlord
 26440 | Orc:2    | Noticed an orc warlord
 26703 | Orc:2    | HP: 5/137 [orc warrior (22)]
 26703 | Orc:2    | Slain by an orc warrior

Illustrated notes

Levels and vault maps discovered:
D:1:      minmay_arrival_checkered_box, layout_loops_ring,
          minmay_misc_feat_plants
D:2:      layout_basic, amethyst_killhole, hangedman_decor_push,
          kennysheep_boxes
D:3:      minmay_inner_zag, layout_loops_ring, mainiacjoe_overflow_brackets,
          nicolae_tso_besieged_by_evil, corexii_item_surrounded_by_moat
D:4:      layout_loops_ring, gammafunk_ghost_mausoleum, serial_shops,
          shop_coins, minmay_manual_macuahuitl
D:5:      layout_loops_ring, minmay_temple_entry_ruins, uniq_duvessa,
          uniq_menkaure, uniq_edmund
D:6:      layout_gridville, mainiacjoe_overflow_tiny_flanked,
          uniq_prince_ribbit1
D:7:      layout_cave_pools, gammafunk_temple_overflow_forgotten,
          kennysheep_doodads
D:8:      layout_basic, erik_lair_island
D:9:      layout_irregular_city, nicolae_overflow_crystal_walls, orc_0_dummy,
          serial_park_tiny_2, st_stairs_14, kennysheep_just_a_vault
D:10:     layout_irregular_city, nicolae_sif_muna_little_library, uniq_snorg
D:11:     layout_roguey, ebering_dispersal_statue_hall
D:12:     layout_irregular_city, serial_shops, bzr_entry_safe
D:13:     layout_long_grid, david_vaults_5, serial_shops, kennysheep_mini,
          uniq_sonja, uniq_frances
D:14:     layout_layer_cave, enter_trove_1, doesnt_xom_only_xom, uniq_kirke,
          uniq_rupert, uniq_louise
D:15:     gammafunk_enter_depths_forms, layout_basic, chequers_jeans,
          uniq_jorgrun, uniq_agnes
Temple:   jpeg_temple_clearing
Lair:1:   layout_cave_pods, uniq_grum, uniq_gastronok
Lair:2:   layout_concentric_octagons, elwin_shoals_entry_stream,
          grunt_megastairs_3, serial_bayou_shore_a, uniq_nergalle
Lair:3:   layout_small_grid, spider_nest_entry_a, nicolae_quartered_pool_medium
Lair:4:   layout_gridlike, chequers_serial_rivers_marsh, grunt_megastairs_4,
          infiniplex_staircase_pool, serial_bayou_shore_b, uniq_urug
Lair:5:   layout_cave_shapes, minmay_slime_entry_jelly_boxes
Lair:6:   wormcave, layout_regular_city, hangedman_lair_tendril_chambers,
          kennysheep_abandoned_house
Orc:1:    layout_caves, serial_shops, shop_fountains
Orc:2:    grunt_orc_gardens, layout_caves, grunt_orc_garden, grunt_orc_garden,
          grunt_orc_garden, grunt_orc_garden, uniq_maurice

Skill      XL: |  1  2  3  4  5  6  7  8  9 10 11 12 13 14 15 |
---------------+----------------------------------------------+-----
Axes           | 3 4 5 6 7 9 10 12 14 15 17 18 | 18.0
Fighting       | 4 5 6 7 8 9 10 11 12 14 15 | 15.8
Shields        | 4 5 6 7 8 9 10 11 12 14 15 | 15.7
Armour         | 4 5 6 7 8 9 10 11 12 14 16 | 16.0
Invocations    | 3 4 6 7 8 10 | 10.0
Evocations     | 3 |  3.0

Action                   |  1- 3 |  4- 6 |  7- 9 | 10-12 | 13-15 || total
-------------------------+-------+-------+-------+-------+-------++-------
Melee: War axe           |    89 |   145 |   303 |   460 |       ||   997
       Headbutt          |    13 |    16 |    57 |   140 |   281 ||   507
       Broad axe         |       |       |       |    70 |   943 ||  1013
       Morningstar       |       |       |       |       |    70 ||    70
Invok: Heroism           |       |       |       |    13 |    10 ||    23
       Finesse           |       |       |       |     1 |     6 ||     7
Evoke: Wand              |       |       |    10 |     3 |       ||    13
  Use: Scroll            |       |     6 |     2 |    19 |     2 ||    29
       Potion            |       |       |       |       |     3 ||     3
 Stab: Paralysed         |       |       |     4 |     4 |       ||     8
       Sleeping          |       |       |       |     2 |     5 ||     7
       Distracted        |       |       |       |       |     2 ||     2
Armor: Scale mail        |    24 |       |       |       |       ||    24
       Chain mail        |    25 |    78 |   170 |   169 |       ||   442
       Ring mail         |       |       |       |    28 |   357 ||   385
       Plate armour      |       |       |       |       |   107 ||   107
Dodge: Dodged            |    30 |    72 |   111 |   144 |   299 ||   656
Block: Buckler           |    18 |    35 |    90 |   261 |   482 ||   886
       Reflection        |       |       |       |     6 |    44 ||    50
       Tower shield      |       |       |       |       |   327 ||   327

Table legend: (Time is in decaauts)
 A = Elapsed time spent in this place.
 B = Non-inter-level travel time spent in this place.
 C = Inter-level travel time spent in this place.
 D = Time resting spent in this place.
 E = Time spent auto-exploring this place.
 F = Levels seen in this place.
 G = Mean time per level.
                   A        B        C        D        E       F      G
               +--------+--------+--------+--------+--------+-----+--------+
         Total |  26478 |  24766 |   1712 |   4585 |  15947 |  25 | 1059.1 |
       Dungeon |  17360 |  15955 |   1405 |   2667 |  10472 |  15 | 1157.3 |
        Temple |    130 |    114 |     16 |      0 |     88 |   1 |  130.0 |
          Lair |   7993 |   7732 |    261 |   1683 |   4827 |   6 | 1332.2 |
  Orcish Mines |    875 |    846 |     29 |    235 |    480 |   2 |  437.5 |
        Bazaar |    117 |    117 |      0 |      0 |     80 |   1 |  117.0 |
               +--------+--------+--------+--------+--------+-----+--------+

Top non-repeatable levels by time:
  Lair:6: 2863 daAuts
    D:14: 2017 daAuts
    D:13: 1861 daAuts
     D:8: 1455 daAuts
    D:10: 1381 daAuts
  Lair:2: 1363 daAuts
     D:9: 1229 daAuts
     D:4: 1131 daAuts
    D:11: 1122 daAuts
     D:7: 1080 daAuts
  Lair:1: 1060 daAuts
  Lair:4: 1060 daAuts
    D:15: 1026 daAuts
     D:5: 966 daAuts
  Lair:3: 946 daAuts
